 Dungeon Crawl Stone Soup version 0.26.0-8-g74fc34ddfb (webtiles) character file.

Game seed: 9604233846402507145

312 Gauvater the Covered (level 6, -2/48 HPs)
             Began as a Formicid Fighter on Jan 12, 2021.
             Slain by Menkaure (14 damage)
             ... on level 4 of the Dungeon.
             The game lasted 00:11:57 (3533 turns).

Gauvater the Covered (Formicid Fighter)             Turns: 3533, Time: 00:11:57

Health: -2/48      AC:  7    Str: 22    XL:     6   Next: 71%
Magic:  15/15      EV:  8    Int:  8    God:
Gold:   137        SH: 15    Dex: 10    Spells: 5/5 levels left

rFire    . . .     SeeInvis +   a - +0 war axe
rCold    . . .     Faith    .   c - +0 kite shield
rNeg     . . .     Spirit   .   b - +0 scale mail
rPois    .         Reflect  +   (helmet unavailable)
rElec    .         Harm     .   (no cloak)
rCorr    +         Rampage  .   (no gloves)
Will     .....                  (no boots)
Stlth    ..........             r - amulet of reflection
HPRegen  0.16/turn              w - ring of magical power
MPRegen  0.14/turn              s - ring of resist corrosion

@: mighty
A: permanent stasis, dig shafts and tunnels, four strong arms, antennae 3
a: Dig, Shaft Self


You were on level 4 of the Dungeon.
You visited 1 branch of the dungeon, and saw 4 of its levels.

You collected 137 gold pieces.

Inventory:

Hand Weapons
 a - a +0 war axe (weapon)
 v - a +2 short sword of speed
 z - a +0 dagger of venom
Missiles
 i - 15 poisoned darts
 j - 36 sling bullets
 k - 31 arrows
 l - 121 stones
 A - 16 bolts
Armour
 b - a +0 scale mail (worn)
 c - a +0 kite shield (worn)
Jewellery
 h - an uncursed amulet of magic regeneration {unknown}
 r - an amulet of reflection (around neck)
 s - a ring of resist corrosion (right hand)
 w - a ring of magical power (left hand)
 x - a cursed amulet of inaccuracy {unknown}
Scrolls
 f - a scroll of noise {unknown}
 g - 2 scrolls of teleportation {unknown}
 n - 2 scrolls of remove curse
 p - a scroll of magic mapping {unknown}
 y - a scroll of enchant weapon
Potions
 o - a potion of flight
 u - a potion of mutation {unknown}
 B - 2 potions of attraction {unknown}


   Skills:
 + Level 3.8 Fighting
 + Level 4.3 Axes
 + Level 5.0 Armour
 + Level 0.2 Dodging
 + Level 0.1 Stealth
 + Level 4.9 Shields


You had 5 spell levels left.
You didn't know any spells.
Your spell library contained the following spells:

 Spells                   Type           Power        Failure   Level
 Animate Skeleton         Necr           0%           95%         1
 Apportation              Tloc           0%           95%         1
 Corona                   Hex            0%           95%         1
 Summon Small Mammal      Summ           0%           95%         1


Dungeon Overview and Level Annotations

Branches:
Dungeon (4/15)
 Temple: D:4-7

Altars:

Annotations:
D:3 1 runed translucent door, tymek70's ghost, amateur MiBe
D:4 Menkaure


Innate Abilities, Weirdness & Mutations

You cannot be hasted, slowed, berserked, paralysed or teleported.
You can dig through walls and to a lower floor.
Your four strong arms can wield two-handed weapons with a shield.
You have a pair of large antennae on your head. (SInv)


Message History

You block Menkaure's attack.
Your shield and scale mail prevent you from hitting Menkaure.
Menkaure is moderately damaged.
You block Menkaure's attack. x2
You closely miss Menkaure.
Menkaure is moderately damaged.
Menkaure hits you but does no damage.
You hit Menkaure.
Menkaure is moderately damaged.
Menkaure hits you!
* * * LOW HITPOINT WARNING * * *
Menkaure calls on the powers of darkness!
You feel a surge of unholy energy.
You slash Menkaure!
Menkaure is severely damaged.
Menkaure barely misses you.
You feel better.
Menkaure gestures at you while chanting.
You struggle to resist.
Menkaure hits you!
You die...

...........#.......≈........
...........#....##..........
...........#....##..........
.........###....##..........
###............##[.....###.
###.##.###.....##......#
#........#.....##......#
#>...[..).......'......#
#.#......M@....##.......≈
#.......................≈.
#.......................≈..
#####.####.$###############
#. #..# { #. #..# #..# #..#
#..#


You could see Menkaure (fast).

Vanquished Creatures
  2 orc wizards
  2 orc priests (D:4)
  Natasha (thrice) (D:3)
  3 adders
  An ooze (D:2)
  An adder skeleton (D:4)
  2 worms (D:2)
  A dart slug (D:2)
  2 leopard geckos (D:2)
  7 orcs
  6 giant cockroaches
  6 goblins
  7 hobgoblins
  6 jackals
  A quokka (D:3)
  7 bats
  2 frilled lizards (D:1)
  9 kobolds
  8 rats
76 creatures vanquished.

Vanquished Creatures (others)
  5 plants (D:4)
  2 withered plants (D:3)
7 creatures vanquished.

Grand Total: 83 creatures vanquished

Notes
Turn   | Place    | Note
-------+----------+-------------------------------------------
     0 | D:1      | Gauvater the Formicid Fighter began the quest for the Orb.
     0 | D:1      | Reached XP level 1. HP: 18/18 MP: 1/1
   102 | D:1      | Reached XP level 2. HP: 6/24 MP: 2/2
   598 | D:1      | Reached XP level 3. HP: 29/29 MP: 3/3
  1070 | D:2      | Reached XP level 4. HP: 36/36 MP: 4/4
  1310 | D:2      | You fall into a shaft and drop 1 floor!
  1311 | D:3      | Noticed Natasha
  1318 | D:3      | Killed Natasha
  1333 | D:3      | Reached XP level 5. HP: 37/42 MP: 5/5
  1580 | D:3      | Reached skill level 4 in Armour
  2473 | D:3      | Found a runed translucent door.
  2474 | D:3      | Noticed tymek70's ghost (amateur MiBe)
  2477 | D:3      | Noticed Natasha
  2485 | D:3      | Killed Natasha
  2744 | D:3      | Noticed Natasha
  2751 | D:3      | Killed Natasha
  2752 | D:3      | Reached XP level 6. HP: 48/48 MP: 6/6
  3018 | D:4      | Noticed Menkaure
  3401 | D:4      | Reached skill level 5 in Armour
  3531 | D:4      | HP: 2/48 [Menkaure (11)]
  3533 | D:4      | Slain by Menkaure

Illustrated notes

Levels and vault maps discovered:
D:1:      dpeg_arrival_solitude, layout_rooms
D:2:      layout_basic, serial_forest, infiniplex_forest_3_way,
          infiniplex_forest_clump_tiny, infiniplex_forest_straight_3,
          infiniplex_forest_lined_1, infiniplex_forest_zigzag_1
D:3:      layout_basic, gammafunk_ghost_grave, grunt_ministairs_9, uniq_natasha
D:4:      layout_basic, serial_rivers, chequers_serial_rivers_micro_e,
          chequers_serial_rivers_micro_b, chequers_serial_rivers_micro_b,
          chequers_serial_rivers_small_a, eino_tiny_chamber, nrook_mini_vaults,
          st_stairs_3, serial_bayou_ford_a, uniq_grinder, uniq_menkaure

Skill      XL: |  1  2  3  4  5  6 |
---------------+-------------------+-----
Shields        | 4 |  4.9
Axes           | 3 4 |  4.3
Armour         | 4 5 |  5.0
Fighting       | |  3.8
Dodging        | |  0.2
Stealth        | |  0.1

Action                   |  1- 3 |  4- 6 || total
-------------------------+-------+-------++-------
Melee: War axe           |    77 |   135 ||   212
 Abil: Dig               |       |     3 ||     3
  Use: Scroll            |       |     6 ||     6
       Potion            |       |     2 ||     2
Armor: Scale mail        |    43 |    39 ||    82
Dodge: Dodged            |    28 |    41 ||    69
Block: Kite shield       |    60 |   126 ||   186
       Reflection        |     2 |     4 ||     6
